 Dungeon Crawl Stone Soup version 0.18-a0-1774-gce1f7b6 (webtiles) character file.

254 M4edhros the Insei (level 5, -1/41 HPs)
             Began as a Mummy Monk on Apr 15, 2016.
             Slain by a hound (4 damage)
             ... on level 4 of the Dungeon.
             The game lasted 00:05:51 (6115 turns).

M4edhros the Insei (Mummy Monk)                     Turns: 6115, Time: 00:05:52

Health: -1/41      AC:  0    Str: 15    XL:     5   Next: 91%
Magic:  5/5        EV:  8    Int:  9    God:
Gold:   151        SH: 13    Dex: 15    Spells: 0 memorised, 4 levels left

rFire  x . .     SeeInvis .       - Unarmed
rCold  + . .     Gourm    .     (no armour)
rNeg   + + +     Faith    .     h - +1 large shield
rPois  ∞         Spirit   .     (no helmet)
rElec  .         Dismiss  .     (no cloak)
rCorr  .         Reflect  .     (no gloves)
SustAt .         Harm     .     (no boots)
MR     .....                    (no amulet)
Stlth  ++........               (no ring)
                                (no ring)

@: not resistant to hostile enchantments, unstealthy
A: no food or potions, fire vulnerability, cold resistance 1, negative energy
resistance 3, torment resistance, unbreathing
a: no special abilities


You were on level 4 of the Dungeon.
You were not hungry.

You visited 1 branch of the dungeon, and saw 4 of its levels.

You collected 151 gold pieces.

Inventory:

Armour
 h - a +1 large shield (worn)
Wands
 a - a wand of polymorph (14/24)
 i - a wand of lightning (8/15)
 j - a wand of flame (35/48)
Scrolls
 b - a scroll of amnesia
 c - 3 scrolls of remove curse
 g - a scroll of noise
 k - a scroll of immolation {unknown}
Books
 f - a book of Summonings

   Spells                             Type                      Level
   a - Recall                         Summoning/Translocation      3
   b - Aura of Abjuration             Summoning                    5
   c - Summon Demon                   Summoning                    5
   d - Summon Forest                  Summoning/Translocation      5
   e - Summon Mana Viper              Hexes/Summoning              5
   f - Shadow Creatures               Summoning                    6


   Skills:
 - Level 3.0 Fighting
 - Level 2.4 Dodging
 - Level 1.5 Stealth
 * Level 2.6 Shields
 + Level 5.1 Unarmed Combat


You had 4 spell levels left.
You didn't know any spells.

Dungeon Overview and Level Annotations

Branches:
Dungeon (4/15)
 Temple: D:4-7

Altars:
Cheibriados
Dithmenos
Qazlal
Vehumet
Yredelemnul

Annotations:
D:3 UnlimitedFusion's ghost, amateur DgEE
D:4 exclusion: statue


Innate Abilities, Weirdness & Mutations

You do not eat or drink.
Your flesh is vulnerable to fire.
You are immune to poison.
Your flesh is cold resistant.
You are immune to negative energy.
You are immune to unholy pain and torment.
You can survive without breathing.


Message History

* * * LOW HITPOINT WARNING * * *
Your shield prevents you from hitting the hound.
The hound is severely wounded.
The hound barely misses you.
You closely miss the hound.
The hound is severely wounded.
You block the hound's attack. The hound bites you.
* * * LOW HITPOINT WARNING * * *
Read which item? (? for menu, Esc to quit)
Okay, then.
You closely miss the hound.
The hound is severely wounded.
You block the hound's attack. x2
Your shield prevents you from hitting the hound.
The hound is severely wounded.
You block the hound's attack.
You hit the hound.
The hound is almost dead.
You block the hound's attack. The hound bites you.
You die...

..# #.#.# #.....#.............#
..# #.#.# #.....#...#####.######
..# #.#.# #.....#.#.............
..# #.#.# #.....#.#.....#.######
..####.#.# #.....#.......#.####
.......#.# #.....###........#.###
.#######.# #.....#...#...#..#....
.#######.# #.....#.#.#...........
.........# #....@h......#########
########## ##.#####.....# .....#
........# #.#.........# 8._..[.
.######.# #.#.###.....# !.....#
......#.#####.#.###....h#########
#####.#..........................
#.#######.#.###....#....#####
#...(.....#.######.##.).#####
###########.............#....


You could see a hound.

Vanquished Creatures
  A phantom (D:4)
  An orc wizard (D:3)
  6 adders
  A gnoll (D:3)
  An adder skeleton (D:4)
  2 worms
  3 dart slugs
  2 giant geckos (D:4)
  5 orcs
  5 bats
  A giant cockroach (D:1)
  9 goblins
  6 hobgoblins
  2 jackals (D:2)
  2 quokkas
  5 giant newts
  2 kobolds
  5 rats
59 creatures vanquished.

Vanquished Creatures (others)
  A bat (D:2)
1 creature vanquished.

Grand Total: 60 creatures vanquished

Notes
Turn   | Place    | Note
--------------------------------------------------------------
     0 | D:1      | M4edhros the Mummy Monk began the quest for the Orb.
     0 | D:1      | Reached XP level 1. HP: 18/18 MP: 1/1
   194 | D:1      | Reached XP level 2. HP: 16/24 MP: 2/2
   651 | D:2      | Found a shadowy altar of Dithmenos.
   781 | D:2      | Reached skill level 4 in Unarmed Combat
  1109 | D:2      | Reached XP level 3. HP: 19/29 MP: 3/3
  1336 | D:2      | Found a stormy altar of Qazlal.
  1355 | D:2      | Found a snail-covered altar of Cheibriados.
  1355 | D:2      | Found a basalt altar of Yredelemnul.
  1895 | D:2      | HP: 1/29 [worm (10)]
  2761 | D:3      | Reached XP level 4. HP: 9/35 MP: 4/4
  3639 | D:3      | Reached skill level 1 in Shields
  3639 | D:3      | Reached XP level 5. HP: 33/41 MP: 5/5
  3911 | D:3      | Reached skill level 5 in Unarmed Combat
  4180 | D:3      | Noticed UnlimitedFusion's ghost (amateur DgEE)
  4485 | D:4      | Noticed a phantom
  4568 | D:4      | Found a radiant altar of Vehumet.
  4568 | D:4      | Noticed a frost-covered statue
  5888 | D:4      | Killed a phantom
  6112 | D:4      | HP: 2/41 [hound (5)]
  6115 | D:4      | Slain by a hound

Vault maps used:
D:1:      minmay_arrival_four_houses
D:2:      nicolae_qazlal_eye_of_the_storm, amethyst_overflow_temple_binary,
          grunt_dithmenos_smoke
D:4:      vehumet_statue

Skill      XL: |  1  2  3  4  5 |
---------------+----------------+-----
Unarmed Combat | 4 5 |  5.1
Shields        | 1 2 |  2.6
Fighting       | |  3.0
Dodging        | |  2.4
Stealth        | |  1.5

Action                   |  1- 3 |  4- 6 || total
-------------------------+-------+-------++-------
Melee: Unarmed           |   127 |   204 ||   331
       Punch             |     3 |       ||     3
  Use: Scroll            |       |     6 ||     6
 Stab: Sleeping          |     6 |     2 ||     8
Dodge: Dodged            |    71 |    46 ||   117
Block: Large shield      |       |   115 ||   115
